AoeStats
← tonytctang

Nomad

507438151Analyzed
4v4 RM · 14d ago on Sep 18, 2026· 50m 53s· 8 players
Game mode
Random Map
Map size
231×231
Population
200
Speed
Normal
Resources
Standard
Victory
Conquest
Starting age
Dark Age
Ending age
Imperial Age
RankedLock teamsTeams togetherTeam positionsShared explorationLock speedFull tech treeHidden civsTurbo modeCheats
Victory
Defeat
🇨🇳 Vikings · China
1187
+13
🇭🇰 Saracens · Hong Kong SAR China
1150
+15
🇨🇳 Byzantines · China
1122
+16
🇨🇳 Spanish · China
1120
+16
🇹🇼 Italians · Taiwan
1179
-16
🇨🇿 Sicilians · Czechia
1128
-15
🇷🇴 Tupi · Romania
1110
-15
🇧🇪 Koreans · Belgium
1089
-14
tonytctang
6:02 Loom
16:04 Feudal Age
17:17 Double-Bit Axe
17:14 Horse Collar
20:26 Gold Mining
20:28 Stone Mining
24:55 Castle Age
25:24 Wheelbarrow
24:34 Town Watch
25:57 Bow Saw
26:04 Heavy Plow
27:19 Fishing Lines
29:09 Gold Shaft Mining
28:39 Gillnets
30:16 Hand Cart
31:11 Forging
31:07 Scale Barding Armor
33:59 Imperial Age
32:27 Medium Warships
32:43 Fletching
32:53 Padded Archer Armor
36:14 Two-Man Saw
35:52 Conscription
35:50 Careening
35:51 Clinker Construction
36:43 Chemistry
37:05 Ballistics
36:44 Bodkin Arrow
37:04 Leather Archer Armor
37:27 Iron Casting
38:23 Chain Barding Armor
38:28 Bloodlines
38:50 Heavy Warships
39:08 Bracer
39:29 Elite Mameluke
39:49 Elite Cannon Galleon
41:06 Ring Archer Armor
42:16 Town Patrol
42:29 Masonry
42:00 Treadmill Crane
43:45 Husbandry
45:01 Fortified Wall
46:28 Blast Furnace
46:04 Plate Barding Armor
47:35 Scale Mail Armor
47:42 Siege Engineers
47:33 Murder Holes
50:09 Counterweights
BlueKID
5:43 Loom
14:27 Feudal Age
15:02 Double-Bit Axe
15:19 Fishing Lines
20:14 Castle Age
20:51 Scale Barding Armor
20:57 Bloodlines
20:37 Light Cavalry
21:18 Husbandry
25:07 Horse Collar
25:38 Bow Saw
29:36 Heavy Plow
34:56 Wheelbarrow
37:22 Imperial Age
35:26 Stone Mining
35:31 Gold Mining
35:31 Stone Mining
37:19 Sanctity
37:03 Devotion
37:33 Chain Barding Armor
37:35 Stone Mining
38:14 Hand Cart
37:44 Town Watch
39:40 Two-Man Saw
40:20 Block Printing
40:51 Conscription
41:27 Hussar
43:23 Plate Barding Armor
43:39 Forging
封不觉
3:35 Loom
13:34 Feudal Age
14:02 Double-Bit Axe
15:22 Gold Mining
16:12 Town Watch
16:42 Stone Mining
25:47 Castle Age
25:50 Forging
25:40 Scale Mail Armor
26:57 Bow Saw
26:56 Town Patrol
28:24 Fishing Lines
29:29 Gillnets
32:59 Gold Shaft Mining
43:13 Chain Mail Armor
43:34 Iron Casting
46:47 Chieftains
阿酷丶
4:34 Loom
16:16 Feudal Age
21:25 Castle Age
19:58 Scale Barding Armor
20:31 Double-Bit Axe
21:36 Crossbowman
23:06 Crossbowman
24:36 Fletching
38:16 Ballistics
42:58 Thumb Ring
46:04 Bodkin Arrow
46:09 Padded Archer Armor
47:45 Leather Archer Armor
47:32 Squires
47:18 Gambesons
47:19 Arson
52:27 Imperial Age
50:32 Wheelbarrow
50:02 Gold Mining
50:23 Bow Saw
AZ
10:04 Loom
16:37 Feudal Age
17:04 Fishing Lines
18:15 Fletching
21:00 Castle Age
19:03 Gold Mining
19:35 Stone Mining
21:08 Demolition Ship
21:46 Double-Bit Axe
30:30 Medium Warships
32:57 Bodkin Arrow
34:51 Ballistics
35:42 Careening
36:57 Clinker Construction
44:15 Wheelbarrow
PietrusIV
4:54 Loom
15:35 Feudal Age
20:13 Castle Age
18:57 Double-Bit Axe
19:24 Fletching
19:30 Stone Mining
20:27 Gold Mining
21:41 Bodkin Arrow
22:23 Medium Warships
25:34 Scale Barding Armor
29:46 Forging
35:34 Town Watch
40:11 Imperial Age
39:50 Chain Barding Armor
42:26 Iron Casting
45:25 Ballistics
46:05 Chemistry
Suteu
11:08 Loom
14:18 Feudal Age
17:31 Fletching
21:14 Castle Age
20:23 Stone Mining
20:26 Double-Bit Axe
22:40 Horse Collar
25:44 Bodkin Arrow
26:41 Padded Archer Armor
28:10 Pikeman
30:49 Bow Saw
35:23 Wheelbarrow
37:42 Gold Mining
37:54 Heavy Plow
38:59 Hand Cart
44:56 Imperial Age
43:26 Heated Shot
44:41 Ballistics
45:42 Bracer
46:08 Conscription
49:06 Chemistry
48:18 Curare
48:33 Squires
_JERZY_CZ_
12:18 Loom
15:23 Feudal Age
16:05 Double-Bit Axe
24:46 Castle Age
23:34 Scale Mail Armor
23:17 Horse Collar
26:03 Chain Mail Armor
35:57 Forging
36:04 Squires
36:14 Gambesons
38:42 Bow Saw
40:14 Gold Mining
40:20 Pikeman
42:29 Wheelbarrow
49:01 Heavy Plow
Connection lost

Rejoining the realm…

Still unreachable

The connection could not be restored.

Session expired

The server has moved on; the page needs a fresh start.